 Dungeon Crawl Stone Soup version 0.29.1-15-g9cfb28693d (webtiles) character file.

Game seed: 12470481899122596559

910 Descartes the Shield-Bearer (level 8, 0/62 HPs)
             Began as a Formicid Fighter on Feb 22, 2023.
             Was an Initiate of Gozag.
             Slain by a troll (3 damage)
             ... on level 5 of the Dungeon.
             The game lasted 00:08:57 (4732 turns).

Descartes the Shield-Bearer (Formicid Fighter)      Turns: 4732, Time: 00:08:57

Health: 0/62       AC: 14    Str: 22    XL:     8   Next: 30%
Magic:  8/8        EV:  5    Int: 15    God:    Gozag
Gold:   218        SH: 10    Dex: 13    Spells: 7/7 levels left

rFire   . . .      SeeInvis +   x - +0 eveningstar
rCold   . . .      Faith    .   t - +0 kite shield
rNeg    . . .      Spirit   .   n - +0 plate armour
rPois   .          Reflect  .   (helmet unavailable)
rElec   .          Harm     .   q - +0 cloak
rCorr   .          Rampage  .   h - +0 pair of gloves
Will    .....                   (no boots)
Stlth   ..........              (no amulet)
HPRegen 0.20/turn               v - +6 ring of intelligence
MPRegen 0.11/turn               (no ring)

@: no status effects
A: permanent stasis, dig shafts and tunnels, antennae 3, four strong arms
a: Dig, Shaft Self, Renounce Religion, Potion Petition, Call Merchant, Bribe
Branch


You were on level 5 of the Dungeon.
You worshipped Gozag.
Gozag was aware of your devotion.
You visited 2 branches of the dungeon, and saw 6 of its levels.

You collected 294 gold pieces.
You paid 76 gold pieces to Gozag.

Inventory:

Hand Weapons
 f - a +1 hand axe of draining
 x - a +0 eveningstar (weapon)
Missiles
 y - 5 poisoned darts
Armour
 h - a +0 pair of gloves (worn)
 n - a +0 plate armour (worn)
 q - a +0 cloak (worn)
 t - a +0 kite shield (worn)
Jewellery
 v - a +6 ring of intelligence (left hand)
Wands
 z - a wand of roots (7)
Scrolls
 a - 2 scrolls of enchant weapon {unknown}
 b - 3 scrolls of butterflies {unknown}
 e - a scroll of poison {unknown}
 g - a scroll of silence {unknown}
 l - 3 scrolls of noise {unknown}
 m - 3 scrolls of immolation {unknown}
 p - a scroll of vulnerability {unknown}
 r - 7 scrolls of identify {unknown}
 u - a scroll of enchant armour {unknown}
 w - a scroll of fear {unknown}
Potions
 c - a potion of brilliance {unknown}
 d - a potion of might
 i - 2 potions of mutation {unknown}
 j - 4 potions of curing {unknown}
 k - a potion of haste {unknown}
 o - 2 potions of flight {unknown}
 s - 2 potions of attraction {unknown}


   Skills:
 + Level 5.2 Fighting
 + Level 4.1(4.6) Axes
 + Level 3.3(4.2) Maces & Flails
 + Level 5.2 Armour
 + Level 6.4 Shields
 + Level 2.5 Translocations


You had 7 spell levels left.
You didn't know any spells.
Your spell library contained the following spells:

 Spells                   Type           Power      Damage    Failure   Level
 Sandblast                Erth           0%         2d4       100%        1


Dungeon Overview and Level Annotations

Branches:
Dungeon (5/15)             Temple (1/1) D:5

Altars:
Cheibriados
Dithmenos
Elyvilon
Fedhas
Gozag
Hepliaklqana
Kikubaaqudgha
Makhleb
Okawaru
Qazlal
Ru
Sif Muna
Trog
Wu Jian
Xom
Zin

Shops:
D:1 (**:   D:3 :   D:4 [   D:5 !


Innate Abilities, Weirdness & Mutations

You cannot be hasted, slowed, berserked, paralysed or teleported.
You can dig through walls and to a lower floor.
You have a pair of large antennae on your head. (SInv)
Your four strong arms can wield two-handed weapons with a shield.


Message History

The troll barely misses you. The troll claws you but does no damage.
The troll barely misses you.
You closely miss the troll. The troll bites you but does no damage.
You block the troll's attack. The troll claws you but does no damage.
You completely miss the troll. The troll barely misses you. x2
The troll claws you!
You barely miss the troll. The troll bites you! The troll barely misses you.
The troll claws you but does no damage. You block the scorpion's attack.
The troll bites you! The troll claws you. You block the troll's attack.
You are too injured to fight recklessly!
You are too injured to fight recklessly!
You are too injured to fight recklessly!
You are too injured to fight recklessly!
You are too injured to fight recklessly!
You are too injured to fight recklessly!
You are too injured to fight recklessly!
You are too injured to fight recklessly!
You are too injured to fight recklessly!
You are too injured to fight recklessly!
You are too injured to fight recklessly!
You are too injured to fight recklessly!
You are too injured to fight recklessly!
You are too injured to fight recklessly!
Unknown command.
You hit the troll but do no damage.
The scorpion stings you but does no damage.
You block the troll's attack.
The troll claws you but does no damage. x2
Unknown command.
You sock the troll!
The troll is lightly wounded.
The scorpion stings you but does no damage.
The troll bites you.
* * * LOW HITPOINT WARNING * * *
The troll claws you but does no damage. The troll barely misses you.
The scorpion stings you but does no damage.
The troll bites you!
* * * LOW HITPOINT WARNING * * *
You block the troll's attack. The troll claws you.
You die...
Your body crumbles into a pile of gold.

#..## #.#${ {
##..####.# { ..#
##...##.# ..
###.##.#########..
#.....'.)...#..
###.#.#.)...#[# #
#.#.#######.#.#
#.#..#.$.#sT..#
#....##.##@#
####..#$#..#..#
##...$....#
###....### ######


You could see a troll and a scorpion.

Vanquished Creatures
  A centaur (D:5)
  A bullfrog (D:5)
  A necrophage (D:4)
  3 scorpions
  A howler monkey (D:5)
  4 hounds
  A jelly (D:5)
  4 iguanas
  Natasha (twice) (D:4)
  2 orc wizards (D:4)
  5 adders
  A shadow imp (D:4)
  A white imp (D:5)
  2 ufetubi (D:5)
  3 worms
  6 dart slugs
  7 orcs
  4 endoplasms
  3 giant cockroaches (D:1)
  3 goblins
  6 hobgoblins
  2 jackals (D:2)
  6 quokkas
  6 ball pythons
  5 bats
  4 frilled lizards
  5 kobolds
  3 rats
92 creatures vanquished.

Notes
Turn   | Place    | Note
-------+----------+-------------------------------------------
     0 | D:1      | Descartes the Formicid Fighter began the quest for the Orb.
     0 | D:1      | Reached XP level 1. HP: 18/18 MP: 1/1
    39 | D:1      | Found Koym's Assorted Antiques.
    39 | D:1      | Found Dom Ikin's Book Boutique.
   265 | D:1      | Reached XP level 2. HP: 24/24 MP: 2/2
   307 | D:1      | Found Qungaugh's General Store.
   341 | D:1      | Found a faded altar of an unknown god.
   353 | D:1      | Got Plato's Catalogue of Earth
   504 | D:1      | Found Giap's Weapon Boutique.
   699 | D:2      | Reached XP level 3. HP: 24/29 MP: 3/3
  1011 | D:2      | Reached XP level 4. HP: 36/37 MP: 4/4
  1291 | D:2      | Reached skill level 1 in Maces & Flails
  1594 | D:3      | Found Yczudakhlao's Book Shop.
  2046 | D:3      | Reached XP level 5. HP: 40/42 MP: 5/5
  2235 | D:4      | Reached skill level 5 in Shields
  2264 | D:4      | Reached XP level 6. HP: 34/48 MP: 6/6
  2405 | D:4      | Reached skill level 1 in Translocations
  2472 | D:4      | Found a snail-covered altar of Cheibriados.
  2632 | D:4      | Noticed Natasha
  2640 | D:4      | Killed Natasha
  2751 | D:4      | Noticed Natasha
  2755 | D:4      | Killed Natasha
  2822 | D:4      | Found Nine's Antique Armour Boutique.
  3003 | D:4      | Found a stormy altar of Qazlal.
  3008 | D:4      | Reached XP level 7. HP: 55/55 MP: 7/7
  3279 | D:4      | Found a sacrificial altar of Ru.
  3315 | D:5      | Entered Level 5 of the Dungeon
  3537 | D:5      | Found a staircase to the Ecumenical Temple.
  3616 | Temple   | Entered the Ecumenical Temple
  3758 | Temple   | Became a worshipper of Gozag Ym Sagoz the Greedy
  3828 | D:5      | Reached skill level 6 in Shields
  3927 | D:5      | Reached skill level 5 in Fighting
  3927 | D:5      | Reached skill level 5 in Armour
  3927 | D:5      | Reached XP level 8. HP: 49/62 MP: 8/8
  4018 | D:5      | Found Vikap's Distillery.
  4251 | D:5      | Found a burning altar of Makhleb.
  4724 | D:5      | Noticed a troll
  4732 | D:5      | HP: 3/62 [troll (13)]
  4732 | D:5      | Slain by a troll

Illustrated notes

Levels and vault maps discovered:
D:1:      co_arrival_random_square_maze, layout_rooms, serial_shops,
          nicolae_shop_hallway_stairs, shop, nicolae_shop_stone,
          nicolae_shop_bloodbath_and_beyond, shapermc_ecumenical_altar_rom_forum
D:2:      layout_basic, minmay_misc_feat_tower
D:3:      layout_basic, serial_shops, shop
D:4:      layout_basic, kennysheep_slug_shrine, mainiacjoe_overflow_alcove_4,
          general_overflow_altar, serial_shops, shop_statue,
          minmay_tree_intersection, uniq_natasha
D:5:      layout_basic, makhleb_heckhound_becter, minmay_temple_entry_slanted,
          serial_shops, nicolae_shop_stone, minmay_divided_ellipse
Temple:   hellmonk_temple_forest_ring

Skill      XL: |  1  2  3  4  5  6  7  8 |
---------------+-------------------------+-----
Maces & Flails | 1 2 3 |  3.3
Armour         | 4 5 |  5.2
Fighting       | 4 5 |  5.2
Shields        | 5 6 |  6.4
Axes           | 3 4 |  4.1
Translocations | 1 2 |  2.5

Action                   |  1- 3 |  4- 6 |  7- 9 || total
-------------------------+-------+-------+-------++-------
Melee: Hand axe          |    76 |   134 |    31 ||   241
       Eveningstar       |       |       |    73 ||    73
Armor: Scale mail        |    20 |       |       ||    20
       Plate armour      |    24 |    92 |   113 ||   229
Dodge: Dodged            |    30 |    29 |    45 ||   104
Block: Buckler           |    22 |     5 |       ||    27
       Kite shield       |       |    40 |    73 ||   113
